Cogmind - Beta 16 --- EXPLORER MODE // 2025.12.23 @ 15:45:26 Player: Mike Result: Destroyed by G-47 Trooper with Particle Gun Performance ------------- Evolutions (2) 1000 Regions Visited (3) 600 Robots Destroyed (77) 385 Value Destroyed (2289) 2289 Prototype IDs (6) 120 Alien Tech Used (0) 0 Bonus (0) 0 TOTAL SCORE: 4394 Bonus ------- None Cogmind --------- Core Integrity 0/550 Matter 127/300 Energy 96/100 System Corruption 0% Temperature Warning (316) Movement Core (150) Ox2 Location -8/Materials Parts ------- > --- POWER (1) -------- (None) > --- PROPULSION (4) --- (None) > --- UTILITY (5) ------ Visual Processing Unit Hacking Suite > --- WEAPON (2) ------- Improved Light Cannon Improved Light Cannon > --- INVENTORY (5) ---- (None) Peak State ------------ > --- POWER ------------ Light Nuclear Core > --- PROPULSION ------- Flight Unit VTOL Module Cesium-ion Thruster Cesium-ion Thruster > --- UTILITY ---------- Small Storage Unit Visual Processing Unit Terrain Scanner ECM Suite Hacking Suite > --- WEAPON ----------- Assault Cannon Datajack > --- INVENTORY -------- Light Nuclear Core Light Nuclear Core Flight Unit Flight Unit Flight Unit ECM Suite Improved EM Shotgun Particle Gun [Rating: 25] Favorites ----------- Power Light Ion Engine Engine Light Ion Engine Power Core Light Nuclear Core Propulsion Aluminum Leg Leg Aluminum Leg Flight Unit Flight Unit Utility ECM Suite Device ECM Suite Storage Medium Storage Unit Processor Visual Processing Unit Hackware Hacking Suite Weapon Autogun Energy Gun Improved EM Shotgun Ballistic Gun Autogun Ballistic Cannon Assault Cannon Special Weapon Mining Laser Special Melee Weapon Datajack Build | -11 -10 -9 -8 ------- Run | Yrd Mat Mat Mat Slots Evolved 5 | . 1 2 2 Power . | . . . . Propulsion 2 | . . 1 1 Utility 3 | . 1 1 1 Weapon . | . . . . Parts Attached 45 | 9 6 10 20 Power 8 | 2 1 1 4 Engine 5 | 2 . . 3 Core 3 | . 1 1 1 Reactor . | . . . . Propulsion 15 | 2 1 7 5 Treads . | . . . . Leg 5 | 2 1 1 1 Wheel . | . . . . Hover . | . . . . Flight 10 | . . 6 4 Utility 10 | 2 2 1 5 Device 6 | 1 2 . 3 Storage 2 | 1 . 1 . Processor 1 | . . . 1 Hackware 1 | . . . 1 Protection . | . . . . Artifact . | . . . . Weapon 12 | 3 2 1 6 Energy Gun 4 | 2 . 1 1 Energy Cannon . | . . . . Ballistic Gun 2 | . 2 . . Ballistic Cannon 4 | . . . 4 Launcher . | . . . . Special Weapon 1 | 1 . . . Impact Weapon . | . . . . Slashing Weapon . | . . . . Piercing Weapon . | . . . . Special Melee Weapon 1 | . . . 1 Unidentified Prototypes 1 | . . 1 . Parts Lost 27 | . . 3 24 Power 4 | . . . 4 Propulsion 10 | . . 2 8 Utility 7 | . . . 7 Weapon 6 | . . 1 5 Highest Loss Streak 7 | . . 2 7 To Critical Strikes . | . . . . Average Backups 6 | 2 9 7 3 Power 1 | 1 2 1 1 Propulsion 1 | . 1 1 1 Utility 1 | . 2 1 . Weapon 1 | . 2 . . Tool/Special . | . . . . Unused Backups 13 | 1 3 7 2 Power 4 | 1 1 . 2 Propulsion 2 | . 1 1 . Utility 6 | . 1 5 . Weapon 1 | . . 1 . Tool/Special . | . . . . Average Slot Usage (%) 89 | . 95 89 79 Engine 5 | . 12 . 3 Core 4 | . . 9 4 Leg 13 | . 25 11 . Flight 11 | . . 18 18 Device 22 | . 20 29 15 Storage 8 | . 12 6 7 Processor 2 | . . . 7 Hackware 2 | . . . 6 Energy Gun 2 | . . 1 5 Ballistic Gun 10 | . 16 12 . Ballistic Cannon 1 | . . . 3 Special Weapon 3 | . 7 . . Peak Build Rating 25 | 7 14 17 25 Average Rating 13 | 6 9 15 18 On Entrance 8 | . 7 11 16 Avg Prop Armor Cover (%) . | . . . . Naked Turns . | . . . . Heaviest Build 25 | 17 22 25 21 Greatest Support 30 | 20 20 30 20 Greatest Overweight (x) 6 | 1 1 1 6 Average Overweight (x) . | . . . . Largest Inventory Capacity 10 | 10 10 10 8 Average Capacity 8 | 8 10 7 7 Most Carried 10 | 5 10 10 8 Average Carried 6 | 3 9 6 3 Final Capacity 10 | 10 10 8 5 Final Carried 10 | 4 10 5 . Class Distribution -------------------- 70% | Hacker-Mutant 13% | Hacker-Sprinter 8% | Scavenger-Sprinter 7% | Scavenger-Mutant Dominant Class ---------------- Hacker-Mutant | -10/Materials Hacker-Mutant | -9/Materials Hacker-Mutant | -8/Materials Resources | -11 -10 -9 -8 ----------- Run | Yrd Mat Mat Mat Matter Collected 2028 | 290 493 702 543 Remotely . | . . . . Salvage Created 2608 | 290 383 1176 759 Parts 152 | 23 20 73 36 Haulers Intercepted . | . . . . Recyclers Shooed 2 | 1 . . 1 Parts Field Recycled . | . . . . Retrieved Matter . | . . . . Parts Self-Destructed . | . . . . Prevented . | . . . . Parts Restored . | . . . . Kills | -11 -10 -9 -8 ------- Run | Yrd Mat Mat Mat Combat Hostiles Destroyed 54 | . 8 26 20 Guns 40 | . 8 26 6 Cannons 13 | . . . 13 Classes Destroyed 11 | 3 3 3 2 Worker 3 | 2 . . 1 Builder 1 | . . 1 . Tunneler 7 | 7 . . . Recycler 1 | 1 . . . Operator 2 | . . 1 1 Watcher 9 | . 3 4 2 Swarmer 9 | . 2 7 . Grunt 29 | . 6 11 12 Duelist 1 | . . . 1 Sentry 14 | . . 8 6 Hunter 1 | . . . 1 Best Kill Streak 4 | 2 2 4 4 Combat Bots Only 4 | . 2 4 4 Max Kills in Single Turn 1 | 1 1 1 1 Gunslinging . | . . . . Exploded . | . . . . Melee . | . . . . Uniques/NPCs Destroyed . | . . . . Combat | -11 -10 -9 -8 -------- Run | Yrd Mat Mat Mat Hostile Shots Fired 405 | . 25 123 257 Missed 136 | . 6 53 77 Hits 269 | . 19 70 180 Melee 1 | . . . 1 Projectile 268 | . 19 70 179 AOE 1 | . . . 1 Critical Strikes 11 | . 1 4 6 Damage Taken 2541 | . 182 533 1826 Core 711 | . 36 118 557 Absorbed by Shields . | . . . . Ignored by Resistances 1544 | . 113 343 1088 Regen/Repaired (Parts) 42 | . . 42 . Core Remaining (%) 85 | 100 85 70 . Volleys Fired 283 | 25 25 119 114 Largest 2 | 2 2 2 2 Hottest 102 | 100 46 46 102 Shots Fired 355 | 30 41 142 142 Gun 260 | 29 41 142 48 Cannon 94 | . . . 94 Launcher . | . . . . Special 1 | 1 . . . Kinetic 275 | . 41 140 94 Thermal 57 | 25 . . 32 Explosive . | . . . . Electromagnetic 23 | 5 . 2 16 Robot Hit Streak 23 | 12 23 20 19 Robot Miss Streak 5 | 1 2 5 3 Penetration Max . | . . . . Secondary Targets 1 | . 1 . . Max Gunslinging Chain 1 | . 1 . . Shots Hit Robots 297 | 24 35 112 126 Core Hits 120 | 11 16 46 47 Critical Kills . | . . . . Critical Parts Destroyed 2 | . . 2 . Critical Strikes 8 | 2 . 3 3 Burn 2 | 2 . . . Destroy 3 | . . 3 . Blast 3 | . . . 3 Melee Attacks 4 | . . . 4 Impact . | . . . . Slashing . | . . . . Piercing . | . . . . Sneak Attacks 4 | . . . 4 Combat Hostiles . | . . . . Follow-up Attacks . | . . . . Damage Inflicted 5149 | 304 523 1799 2523 Guns 3314 | 304 523 1753 734 Cannons 1787 | . . . 1787 Explosions 46 | . . 46 . Melee . | . . . . Ramming 2 | . . . 2 Kinetic 4027 | . 523 1717 1787 Thermal 744 | 236 . 46 462 Explosive . | . . . . Electromagnetic 376 | 68 . 36 272 Impact . | . . . . Slashing . | . . . . Piercing . | . . . . Highest Corruption 1 | . 1 . . Average Corruption 1 | . 1 . . Corruption Purged . | . . . . Corruption Blocked . | . . . . Effects 8 | . 8 . . Message Errors 2 | . 2 . . Matter Fused 1 | . 1 . . Heat Flow Errors 3 | . 3 . . Data Loss (minor) 1 | . 1 . . Alerts 1 | . 1 . . Overload Shots . | . . . . Overflow Damage 20 | . . 8 12 Projectiles 12 | . . . 12 Explosions 8 | . . 8 . Melee . | . . . . Knockbacks 34 | . . . 34 Impact . | . . . . Kinetic 31 | . . . 31 Secondary 3 | . . . 3 Self-Inflicted Damage 1 | . . . 1 Shots . | . . . . Rammed 1 | . . . 1 Targets Rammed 1 | . . . 1 Kicked . | . . . . Crushed . | . . . . Highest Temperature 405 | 102 263 37 405 Average Temperature 70 | 23 70 8 117 Received Heat Transfer 1926 | . 144 396 1386 Effects 6 | . . . 6 Shutdowns 2 | . . . 2 Energy Bleed 1 | . . . 1 Interference 2 | . . . 2 Matter Decay 1 | . . . 1 Siege Activations . | . . . . Martial Activations . | . . . . Shielding Activations . | . . . . Robots Disrupted . | . . . . Combat Hostiles . | . . . . Robots Corrupted . | . . . . Combat Hostiles . | . . . . Parts Fried . | . . . . Impact Corruptions . | . . . . Robots Melted 1 | . . . 1 Combat Hostiles 1 | . . . 1 Parts Melted 3 | 1 . . 2 Heat Transferred 1974 | 851 . 50 1073 Parts Sabotaged . | . . . . Parts Stolen . | . . . . Parts Stripped . | . . . . Power Chain Reactions 2 | . . 1 1 Alert | -11 -10 -9 -8 ------- Run | Yrd Mat Mat Mat Maximum Alert Level . | . . . . Low Security (%) 100 | 100 100 100 100 Level 1 . | . . . . Level 2 . | . . . . Level 3 . | . . . . Level 4 . | . . . . Level 5 . | . . . . High Security . | . . . . Max Security . | . . . . Peak Influence 137 | 10 70 137 81 Initial 1 | . . 1 . Average 19 | 1 4 43 19 Influence Increases 1707 | 50 214 737 706 Destroy 0b10 Robot/C 1080 | . 160 520 400 Destroy 0b10 Robot/NC 115 | 50 15 30 20 Destroy Leader 308 | . 36 148 124 Successful Hack 23 | . 3 6 14 Disable Machine 4 | . . . 4 Destroy Structure 12 | . . 3 9 Partial Spotted 120 | . . 30 90 Lose Combat Pursuer 45 | . . . 45 Influence Decreases 1676 | 50 209 742 675 Entered New Map 4 | . . 4 . Time Decay 1502 | 50 209 708 535 Lost Part 170 | . . 30 140 Squads Dispatched 10 | . . 1 9 Investigation 2 | . . . 2 Extermination . | . . . . Reinforcement 5 | . . 1 4 Assault . | . . . . Garrison 3 | . . . 3 Intercept . | . . . . Searches Triggered . | . . . . Construction Impeded . | . . . . Haulers Reinforced . | . . . . Active Scanning Responses . | . . . . Cargo Convoy Interrupts . | . . . . Stealth | -11 -10 -9 -8 --------- Run | Yrd Mat Mat Mat Distress Signals 6 | . . 2 4 Communications Jammed . | . . . . Distress Signals . | . . . . Times Spotted 100 | . 13 43 44 Peak Tracking Total 8 | . 3 3 8 Tactical Retreats 13 | . . 5 8 ECM-based Alert Blocks 16 | . . 8 8 Traps | -11 -10 -9 -8 ------- Run | Yrd Mat Mat Mat Traps Triggered 4 | . 2 . 2 Indirectly . | . . . . Trap Hack Attempts . | . . . . Triggered . | . . . . Disarmed . | . . . . Reprogrammed . | . . . . Reused . | . . . . Traps Extracted . | . . . . Installed . | . . . . Triggered . | . . . . Machines | -11 -10 -9 -8 ---------- Run | Yrd Mat Mat Mat Machines Disabled 1 | . . . 1 Max in Single Turn 1 | . . . 1 Machines Repaired . | . . . . Machines Dismantled . | . . . . Machines Sabotaged . | . . . . Overloaded Fab Kills . | . . . . Hacking | -11 -10 -9 -8 --------- Run | Yrd Mat Mat Mat Machines Accessed 22 | . 6 10 6 Terminals 14 | . 5 6 3 Fabricators . | . . . . Repair Stations 1 | . . 1 . Recycling Units 5 | . 1 2 2 Scanalyzers 2 | . . 1 1 Garrison Access . | . . . . Total Hacks 44 | . 8 21 15 Successful 38 | . 7 20 11 Failed 6 | . 1 1 4 Catastrophic . | . . . . Database Lockouts . | . . . . Manual . | . . . . Terminals 26 | . 7 11 8 Fabricators . | . . . . Repair Stations 2 | . . 2 . Recycling Units 6 | . 1 2 3 Scanalyzers 10 | . . 6 4 Garrison Access . | . . . . Terminal Hacks 23 | . 6 10 7 Record 6 | . . 3 3 Prototype ID Bank 3 | . 1 1 1 Alert Level 2 | . . . 2 Locate Traps 5 | . 2 3 . Dispatch Records 2 | . 1 . 1 Maintenance Status 3 | . 2 1 . Transport Status 1 | . . 1 . Registered Components 1 | . . 1 . Fabricator Hacks . | . . . . Repair Station Hacks 2 | . . 2 . Scan Component 1 | . . 1 . Repair 1 | . . 1 . Recycling Unit Hacks 6 | . 1 2 3 Report Inventory 5 | . 1 2 2 Retrieve Matter 1 | . . . 1 Scanalyzer 7 | . . 6 1 Retrieve Study 7 | . . 6 1 Garrison Access Hacks . | . . . . Unauthorized Hacks . | . . . . Terminals . | . . . . Fabricators . | . . . . Repair Stations . | . . . . Recycling Units . | . . . . Scanalyzers . | . . . . Garrison Access . | . . . . Data Cores Recovered 1 | . . 1 . Used . | . . . . Hacking Detections 8 | . . 4 4 Full Trace Events 2 | . . . 2 Feedback Events . | . . . . Feedback Blocked . | . . . . Robot Schematics Acquired . | . . . . Robots Built . | . . . . Authchips . | . . . . Time . | . . . . Total Robot Build Rating . | . . . . Part Schematics Acquired . | . . . . Parts Built . | . . . . Authchips . | . . . . Time . | . . . . Total Part Build Rating . | . . . . Part Studies Acquired 5 | . . 4 1 Parts Repaired 1 | . . 1 . Time 38 | . . 38 . Parts Recycled . | . . . . Recycled Matter . | . . . . Retrieved Matter . | . . . . Retrieved Components . | . . . . Parts Scanalyzed . | . . . . Part Schematics Acquired . | . . . . Parts Damaged . | . . . . Bothacking | -11 -10 -9 -8 ------------ Run | Yrd Mat Mat Mat Used RIF Installer . | . . . . Robots Hacked 3 | . . . 3 Non-combat 3 | . . . 3 Combat . | . . . . Robot Hacks Applied 3 | . . . 3 no_distress 1 | . . . 1 find_recycling 1 | . . . 1 check_alert 1 | . . . 1 Relay Couplers Released . | . . . . Fabnet Peak Effective % . | . . . . Robots Rewired . | . . . . Allies Hacked . | . . . . Hacks Repelled . | . . . . Allies | -11 -10 -9 -8 -------- Run | Yrd Mat Mat Mat Total Allies . | . . . . Largest Group . | . . . . Highest-Rated Group . | . . . . Highest-Rated Ally . | . . . . Total Orders . | . . . . Ally Attacks . | . . . . Total Damage . | . . . . Kills . | . . . . Allies Corrupted . | . . . . Allies Melted . | . . . . Intel | -11 -10 -9 -8 ------- Run | Yrd Mat Mat Mat Active Infowar (turns) 4357 | 257 1600 1277 1223 Optics 1222 | . . . 1222 Sensors 103 | . . . 103 Terrain 1971 | . 2 1276 693 Seismic 3182 | 257 1600 1277 48 ECM 2952 | . 1102 1277 573 Robot Analysis Total . | . . . . Derelict Logs Recovered . | . . . . Drone Launches . | . . . . Drone Recoveries . | . . . . Exploration | -11 -10 -9 -8 ------------- Run | Yrd Mat Mat Mat Turns Passed 4487 | 374 1600 1277 1236 Spaces Moved 4485 | 257 1112 1591 1525 Core 122 | 23 . . 99 Treads . | . . . . Legs 1774 | 234 1112 352 76 Wheels . | . . . . Hover . | . . . . Flight 2589 | . . 1239 1350 Fastest Speed 27 | 50 120 30 27 Average Speed 80 | 114 135 62 53 Slowest Speed 350 | 120 190 120 350 Overloaded Moves . | . . . . Propulsion Burnouts . | . . . . Robots Hopped 25 | . . 6 19 Potential Cave-ins . | . . . . Cave-ins Triggered . | . . . . Exploration Rate (%) 68 | 11 98 92 71 Regions Visited 3 Branch Regions . Pre-discovered Areas . | . . . . Known Exits Taken 3 | 1 1 1 . Unknown Exits Taken . | . . . . Scrap Searched . | . . . . Spaces Dug 1 | 1 . . . Terrain Destroyed 13 | 1 . 3 9 Melee . | . . . . Projectile 6 | 1 . . 5 AOE 7 | . . 3 4 Terrain Rammed . | . . . . Walls Destroyed . | . . . . Machines Disabled . | . . . . Actions | -11 -10 -9 -8 --------- Run | Yrd Mat Mat Mat Total 5016 | 302 1176 1765 1773 Wait 122 | . 10 15 97 Move 4433 | 256 1111 1579 1487 Hop 24 | . . 5 19 Pick Up 57 | 10 13 17 17 Fast Attach 5 | 3 . 1 1 Attach 36 | 4 3 9 20 Detach 4 | . 2 2 . Swap 23 | 2 6 5 10 Drop 24 | 2 6 13 3 Fire 283 | 25 25 119 114 Melee 4 | . . . 4 Ram 1 | . . . 1 Kick . | . . . . Crush . | . . . . Escape Stasis . | . . . . Rewire . | . . . . Trap . | . . . . Miscellaneous . | . . . . Route ------- -11/Scrapyard -10/Materials (discovered 5 exits: *Mat x3 / *Min / *Sub) -9/Materials (discovered 4 exits: *Mat x3 / *Min) -8/Materials (discovered 2 exits: *Fac x2) History --------- Turn | Location | Event 20 | -11/Scrapyard | Identified exit to Materials 20 | -11/Scrapyard | Discovered exit to Materials (range 14) 375 | -11/Scrapyard | Entered Materials 375 | -10/Materials | Evolved 1 slot: Utility x1 376 | -10/Materials | Build established: Hacker-Mutant 728 | -10/Materials | Identified exit to Mines 728 | -10/Materials | Discovered exit to Mines (range 9) 818 | -10/Materials | Identified exit to Materials 818 | -10/Materials | Discovered exit to Materials (range 15) 1083 | -10/Materials | Identified exit to Subcaves 1083 | -10/Materials | Discovered exit to Subcaves (range 4) 1241 | -10/Materials | Discovered exit to Materials (range 16) 1702 | -10/Materials | Discovered exit to Materials (range 10) 1975 | -10/Materials | Entered another Materials area 1975 | -9/Materials | Evolved 2 slots: Propulsion x1, Utility x1 2206 | -9/Materials | Identified exit to Mines 2206 | -9/Materials | Discovered exit to Mines (range 16) 2692 | -9/Materials | Identified exit to Materials 2692 | -9/Materials | Discovered exit to Materials (range 14) 2789 | -9/Materials | Repaired Lgt. Nuclear Core 2836 | -9/Materials | Discovered exit to Materials (range 16) 2915 | -9/Materials | Discovered exit to Materials (range 8) 3252 | -9/Materials | Entered another Materials area 3252 | -8/Materials | Evolved 2 slots: Propulsion x1, Utility x1 3643 | -8/Materials | Garrison activated, responded to threat 3682 | -8/Materials | Identified exit to Factory 3682 | -8/Materials | Discovered exit to Factory (range 13) 3952 | -8/Materials | Discovered exit to Factory (range 17) 4023 | -8/Materials | Lost 6 parts (1p3n1u1w) 4312 | -8/Materials | Core integrity fell below 50% 4342 | -8/Materials | Lost 4 parts (1p1u2w) 4447 | -8/Materials | Core integrity fell below 20% 4488 | -8/Materials | Destroyed by G-47 Trooper with Particle Gun Last Messages --------------- R-06 Scavenger collects Heat Sink. G-47 Trooper knocked back. Critical hit (Burn: +37). G-50 Soldier knocked back. R-06 Scavenger destroyed. G-50 Soldier Carbon-fiber Leg blasted off. G-50 Soldier destroyed. Sml. Storage Unit destroyed. Imp. Light Cannon destroyed. G-47 Trooper knocked back. T-07 Excavator destroyed. Overheating: System interference. Visual Processing Unit temporarily disabled. Acquired Imp. Light Cannon. G-47 Trooper Aluminum Leg blasted off. G-47 Trooper destroyed. Critical hit (Burn: +37). Power failure, Lgt. Nuclear Core shutdown. Lgt. Nuclear Core destroyed. Map ----- +----------------------------------------------------+ | ?????#????????????????????????????????????????? | | #####################?????????????????????????? | | #?????????????????????????? | | ########## #?????????????????????????? | | # "" #?????????????????????????? | | / #!! Y" #???##+####???????????????? | | ![ #! "" #?? ###### ?????????? | | # ### ????????? | | # ????????? | | # ####### ????????? | | # #?????# ????????? | | # ##??#?### ## ????????? | | ##+####### ###?????# #? ###+###?????????? | | #######/##?# ###???????????????? | | % # #?? g #?????????????????? | | # """" #?# #?????????????????? | | ##+####### # """" #?# =#?????????????????? | | #???# # """" ###%!%##????????????????? | | #???# # *##g[=%*#????????????????? | | #???# + """" ##==%% #############????? | | ##??# # """" +%%%= #????? | | #???# + """" ##% #????? | | ! !##### ##!= #????? | | ## /#### ####+##%! """ """ #????? | | ##??# ##!*] """ """ #????? | | """ #??# ##]@] """ """ #????? | | """ ## #??# ##]]] #????? | | """ # ##?# ## #????? | | #?# ## """ """ #????? | | ####### #?# ## """ """ #????? | | ????# #= ##?# ## """ """ #????? | | ????### #### ## #????? | | ????# #/# # #### #????? | | ????### # # ##??# ###+#####? | | ??????# ##### #???# ######## # #? | | ??????# ##### ##### #?#????# # #? | | ??????# #??????# # #? | | ??????# ########### ##+######## # #? | | ??????# ## ?# # # #########? | | ??????# #?? "" ?# # # #???? | | ??? ??# #???? " # # # #???? | | ??????# #?????? # #?""" """ # #???? | | ??????# ???????? +^ +?""" """ + #???? | | ??????# #???????" # #?""" """ ####### #???? | | ??????# #???????" # # #?????# #???? | | ??????# #??????""?# # [ #?#???# #???? | | ??????? ?????? ?# #################+##### | | ??????? ??????##??# # """" ## # | | ??????? ??????????# # """ ""S"" ## # | | ??????? ??????????# # """ "" "" ## # | +----------------------------------------------------+ Best States ------------- Heat Dissipation 31 Energy Generation 15 Energy Capacity 250 Matter Stores 300 Matter Capacity 300 Sight Range 18 Robot Scan Range 14 Terrain Scan Range 16 Terrain Scan Density 10 ECM Strength 2 Resistance: KI 35 Resistance: TH 35 Resistance: EX 35 Resistance: EM 35 Resistance: I 35 Resistance: S 35 Resistance: P 35 Evasion (%) 64 Offensive Hacking 30 Item Schematics ----------------- None Robot Schematics ------------------ None Fabricated ------------ Nothing Repaired ---------- Lgt. Nuclear Core | 16% | -9/Materials Studied --------- Flight Unit | -9/Materials | Hacked VTOL Module | -9/Materials | Hacked Datajack | -9/Materials | Hacked Lgt. Ion Engine | -9/Materials | Hacked Lgt. Deuterium Engine | -8/Materials | Hacked Alien Tech Used ----------------- None Achievements -------------- Not Today, Chutes Storm Trooper Troublemaker Challenges ------------ None Game ------ Seed TeleporterAntimatterComputer Manual? 0 Play Time 01:09:10 Cumulative 6.6 hours Start 2025.12.23 @ 12:09:44 End 2025.12.23 @ 15:45:26 Sessions 1 Manual Loads 0 Difficulty Explorer Special Mode None Game No. 6 Rogue 0 Adventurer 0 Explorer 6 Win Type - Total 0 Types 0/0/0/0/0/0/0/0/0/0 Lore% 0 Gallery% 5 Achievement% 5 Wizard Run 0 Options --------- Layout 1 ASCII 0 Keyboard 0 Movement Arrows Keybinds 0 Fullscreen 1 Font 16/SmallcapsGlow Map View 50x40 Zoom Use 2% Tactical HUD 0 Map Filters NONE Filters NONE Steam SD RUN: 495fc78e-be11-4efb-b159-f439bfe59250